 Dungeon Crawl Stone Soup version 0.26-a0-812-g31a745ddcd (webtiles) character file.

Game seed: 13752259834493970795

108 kae the Chopper (level 4, -5/41 HPs)
             Began as a Hill Orc Fighter on Dec 9, 2020.
             Slain by Sigmund
             ... wielding a +0 scythe
              (9 damage)
             ... on level 2 of the Dungeon.
             The game lasted 00:01:10 (909 turns).

kae the Chopper (Hill Orc Fighter)                   Turns: 909, Time: 00:01:11

Health: -5/41      AC: 11    Str: 19    XL:     4   Next: 87%
Magic:  4/4        EV:  7    Int:  8    God:
Gold:   60         SH:  0    Dex: 10    Spells: 3/3 levels left

rFire    . . .     SeeInvis .   a - +0 war axe
rCold    . . .     Faith    .   c - +0 kite shield
rNeg     . . .     Spirit   .   b - +0 scale mail
rPois    .         Reflect  .   (no helmet)
rElec    .         Harm     .   (no cloak)
rCorr    .         Rampage  .   (no gloves)
MR       .....                  (no boots)
Stlth    ..........             n - amulet of the acrobat
HPRegen  0.13/turn              l - +4 ring of protection
MPRegen  0.09/turn              o - ring of attention (curse)

@: confused, mighty, hasted, very quick
A: no striking features
a: no special abilities


You were on level 2 of the Dungeon.
You visited 1 branch of the dungeon, and saw 2 of its levels.

You collected 60 gold pieces.

Inventory:

Hand Weapons
 a - a +0 war axe (weapon)
Armour
 b - a +0 scale mail (worn)
 c - a +0 kite shield (worn)
Jewellery
 e - an uncursed ring of resist corrosion
 l - a +4 ring of protection (left hand)
 n - an amulet of the acrobat (around neck)
 o - a cursed ring of attention (right hand)
 p - a cursed ring of attention
Scrolls
 f - a scroll of blinking
 g - a scroll of random uselessness {unknown}
 h - 3 scrolls of identify
 i - a scroll of remove curse


   Skills:
 + Level 4.3 Fighting
 * Level 4.5 Axes
 + Level 4.0 Armour
 + Level 1.3 Dodging
 - Level 3.2 Shields


You had 3 spell levels left.
You didn't know any spells.
Your spell library was empty.

Dungeon Overview and Level Annotations

Branches:
Dungeon (2/15)

Altars:

Annotations:
D:2 Sigmund


Message History

You slice Sigmund!!
Sigmund is almost dead.
Sigmund gestures at you while chanting.
You are confused.
You bump into the rock wall.
Sigmund barely misses you.
You barely miss Sigmund.
Sigmund is almost dead.
Sigmund points at you and mumbles some strange words.
You resist with some effort.
Sigmund zaps a wand.
The puff of flame misses you.
You bump into the rock wall.
Sigmund gestures at you while chanting. The magic dart hits you.
* * * LOW HITPOINT WARNING * * *
You closely miss Sigmund.
Sigmund is almost dead.
Sigmund closely misses you.
You bump into the rock wall.
Sigmund closely misses you.
You're too confused to move!
Sigmund hits you with a +0 scythe!
You die...

####### #......
#......
#+#######......
#.#............
####...##........#
#@@....##.###...##
#)###..##.#.......
#.# #..##.###...##
#.........###...#
#.$.............##
........######....
.?..............†.
##.###.#.#######.##
... .. . ...##


You could see Sigmund (fast).

Vanquished Creatures
  Natasha (D:2)
  2 adders (D:2)
  2 worms (D:2)
  2 dart slugs (D:1)
  3 leopard geckos
  4 bats
  5 giant cockroaches
  4 goblins
  5 hobgoblins
  10 jackals
  A quokka (D:2)
  A frilled lizard (D:1)
  4 kobolds (D:1)
  3 rats
47 creatures vanquished.

Notes
Turn   | Place    | Note
-------+----------+-------------------------------------------
     0 | D:1      | kae the Hill Orc Fighter began the quest for the Orb.
     0 | D:1      | Reached XP level 1. HP: 19/19 MP: 1/1
   151 | D:1      | Reached XP level 2. HP: 23/27 MP: 2/2
   439 | D:1      | Reached XP level 3. HP: 32/33 MP: 3/3
   781 | D:2      | Reached skill level 1 in Dodging
   826 | D:2      | Reached XP level 4. HP: 40/40 MP: 4/4
   858 | D:2      | Noticed Sigmund
   880 | D:2      | Noticed Natasha
   894 | D:2      | Killed Natasha
   909 | D:2      | Slain by Sigmund

Illustrated notes

Levels and vault maps discovered:
D:1:      minmay_arrival_open_corners, layout_rooms, minmay_misc_feat_square,
          chequers_serial_rivers_small_a, st_stairs_14
D:2:      layout_basic, uniq_sigmund, uniq_natasha

Skill      XL: |  1  2  3  4 |
---------------+-------------+-----
Axes           | 3 4 |  4.5
Fighting       | 4 |  4.3
Dodging        | 1 |  1.3
Armour         | 4 |  4.0
Shields        | |  3.2

Action                   |  1- 3 |  4- 6 || total
-------------------------+-------+-------++-------
Melee: War axe           |   100 |    27 ||   127
  Use: Scroll            |     9 |       ||     9
       Potion            |       |     4 ||     4
Armor: Scale mail        |    42 |    19 ||    61
Dodge: Dodged            |    39 |    14 ||    53
Block: Kite shield       |    68 |    13 ||    81

Table legend: (Time is in decaauts)
 A = Elapsed time spent in this place.
 B = Non-inter-level travel time spent in this place.
 C = Inter-level travel time spent in this place.
 D = Time resting spent in this place.
 E = Time spent auto-exploring this place.
 F = Levels seen in this place.
 G = Mean time per level.
                   A        B        C        D        E       F      G
               +--------+--------+--------+--------+--------+-----+--------+
         Total |    949 |    943 |      6 |      0 |    626 |   2 |  474.5 |
       Dungeon |    949 |    943 |      6 |      0 |    626 |   2 |  474.5 |
               +--------+--------+--------+--------+--------+-----+--------+

Top non-repeatable levels by time:
     D:1: 624 daAuts
     D:2: 324 daAuts
